 Dungeon Crawl Stone Soup version 0.18.1-8-gdd0e5ea (webtiles) character file.

800 Liquid the Skirmisher (level 7, 0/117 HPs)
             Began as an Ogre Hunter on June 11, 2016.
             Was a Believer of Trog.
             Slain by a howler monkey (1 damage)
             ... on level 4 of the Dungeon.
             The game lasted 00:12:22 (3925 turns).

Liquid the Skirmisher (Ogre Hunter)                 Turns: 3925, Time: 00:12:22

Health: 0/117      AC:  5    Str: 25    XL:     7   Next: 90%
Magic:  7/7        EV: 10    Int: 10    God:    Trog [**....]
Gold:   226        SH:  0    Dex: 10    Spells: 0 memorised, 6 levels left

rFire  . . .     SeeInvis .     e - +1 flail
rCold  + . .     Gourm    .     o - +2 robe {MR+}
rNeg   . . .     Faith    .     (no shield)
rPois  .         Spirit   .     (helmet restricted)
rElec  .         Dismiss  .     (no cloak)
rCorr  .         Reflect  .     (gloves unavailable)
SustAt .         Harm     .     (boots unavailable)
MR     +++..                    (no amulet)
Stlth  ..........               (no ring)
                                j - ring of protection from cold

@: berserking (expiring), lethally poisoned (0 -> 0), regenerating, very quick,
extremely resistant to hostile enchantments, extremely unstealthy
A: unfitting armour, tough skin 1
a: Berserk, Trog's Hand, Burn Spellbooks, Renounce Religion


You were on level 4 of the Dungeon.
You worshipped Trog.
Trog was pleased with you.
You were hungry.

You visited 1 branch of the dungeon, and saw 4 of its levels.

You collected 226 gold pieces.

Inventory:

Hand Weapons
 a - a +0 short sword
 e - a +1 flail (weapon)
 k - a +0 club
 u - a +0 club
Armour
 b - a +0 robe
 o - a +2 robe of magic resistance (worn)
Jewellery
 j - a ring of protection from cold (left hand)
Wands
 s - a wand of confusion (48/48)
Scrolls
 h - a scroll of enchant armour
 i - 6 scrolls of identify
 m - a scroll of remove curse
Potions
 n - a potion of degeneration
 p - a potion of brilliance
 q - 2 potions of curing
 v - a potion of heal wounds {unknown}
Comestibles
 d - a beef jerky
 f - a bread ration
 r - a slice of pizza
 t - 8 fruits


   Skills:
 * Level 7.6 Fighting
 * Level 6.5 Maces & Flails
 + Level 5.7 Throwing
 - Level 1.7 Dodging
 - Level 0.7 Stealth


You had 6 spell levels left.
You didn't know any spells.

Dungeon Overview and Level Annotations

Branches:
Dungeon (4/15)
 Temple: D:4-7

Altars:
Elyvilon
Makhleb
Ru
Sif Muna
Trog
Xom
The Shining One

Annotations:
D:4 Eustachio


Innate Abilities, Weirdness & Mutations

You are too large for most types of armour.
You have tough skin (AC +1).


Message History

The howler monkey closely misses you. The howler monkey bites you.
* * * LOW HITPOINT WARNING * * *
You are too berserk!
Unknown command.
You sock the worker ant!
The worker ant is severely wounded.
The worker ant bites you but does no damage.
Unknown command.
You barely miss the worker ant.
The worker ant is severely wounded.
The howler monkey closely misses you.
The howler monkey bites you but does no damage.
The orc hits you with a short sword.
* * * LOW HITPOINT WARNING * * *
Unknown command.
You sock the worker ant!
You kill the worker ant!
Trog accepts your kill.
You feel sick. The howler monkey hits you.
You die...

g........ .#.....
.............. .....#
.....Z..oo..<. #..).##....
...##Oo.. .. #......... ..
#.... .. #.......###..
...#.. ###.####............
....?..
............o.............##
#.........)@h......o.... .
..........).)...........##
#........_....#.......
#.............#.......
##........#...#.......
.........##...#.o.....
###########..†#.g.....
###))♣ ♣≈♣♣


You could see a howler monkey and an orc.

Vanquished Creatures
  Sigmund (D:2)
  An ogre (D:4)
  3 big kobolds (D:3)
  A crimson imp (D:3)
  An orc priest (D:4)
  A worker ant (D:4)
  Ijyb (D:2)
  Terence (D:3)
  An iguana (D:4)
  2 adders (D:3)
  5 gnolls
  A giant gecko (D:2)
  11 orcs
  2 ball pythons
  4 giant cockroaches
  8 goblins
  7 hobgoblins
  42 kobolds
  4 quokkas
  7 bats
  5 giant newts
  A jackal skeleton (D:4)
  10 rats
120 creatures vanquished.

Notes
Turn   | Place    | Note
--------------------------------------------------------------
     0 | D:1      | Liquid the Ogre Hunter began the quest for the Orb.
     0 | D:1      | Reached XP level 1. HP: 22/22 MP: 1/1
    28 | D:1      | Reached skill level 3 in Fighting
   154 | D:1      | Reached XP level 2. HP: 31/31 MP: 2/2
   951 | D:2      | Reached skill level 1 in Maces & Flails
  1037 | D:2      | Reached XP level 3. HP: 37/39 MP: 3/3
  1043 | D:2      | Noticed Sigmund
  1397 | D:2      | Killed Sigmund
  1397 | D:2      | Reached skill level 5 in Fighting
  1397 | D:2      | Reached XP level 4. HP: 33/50 MP: 4/4
  1397 | D:2      | Reached XP level 5. HP: 38/57 MP: 5/5
  1512 | D:2      | Noticed Ijyb
  1521 | D:2      | Killed Ijyb
  1871 | D:3      | Found a sacrificial altar of Ru.
  1895 | D:3      | Reached XP level 6. HP: 60/66 MP: 6/6
  2020 | D:3      | Found a deep blue altar of Sif Muna.
  2038 | D:3      | Found a white marble altar of Elyvilon.
  2163 | D:3      | Found a shimmering altar of Xom.
  2164 | D:3      | Found a burning altar of Makhleb.
  2330 | D:3      | Noticed Terence
  2341 | D:3      | Killed Terence
  2341 | D:3      | Reached skill level 5 in Throwing
  2347 | D:3      | Found a bloodstained altar of Trog.
  2352 | D:3      | Became a worshipper of Trog the Wrathful
  2538 | D:3      | Reached skill level 6 in Fighting
  2765 | D:3      | Reached skill level 5 in Maces & Flails
  2844 | D:3      | Reached * piety under Trog
  2867 | D:3      | Reached XP level 7. HP: 61/76 MP: 7/7
  3578 | D:4      | Reached skill level 7 in Fighting
  3588 | D:4      | Noticed Eustachio
  3592 | D:4      | Reached ** piety under Trog
  3858 | D:4      | Found a glowing golden altar of the Shining One.
  3922 | D:4      | HP: 2/117 [orc/short sword (4)]
  3925 | D:4      | Slain by a howler monkey

Skill      XL: |  1  2  3  4  5  6  7 |
---------------+----------------------+-----
Fighting       | 3 5 6 7 |  7.6
Maces & Flails | 1 3 4 5 6 |  6.5
Throwing       | 5 |  5.7
Dodging        | |  1.7
Stealth        | |  0.7

Action                   |  1- 3 |  4- 6 |  7- 9 || total
-------------------------+-------+-------+-------++-------
Melee: Short sword       |    62 |       |       ||    62
       Club              |    35 |    77 |       ||   112
       Flail             |       |   129 |   137 ||   266
Throw: Large rock        |     7 |     5 |     5 ||    17
       Throwing net      |     2 |     1 |     1 ||     4
Invok: Berserk           |       |       |     1 ||     1
       Trog's Hand       |       |       |     1 ||     1
  Use: Scroll            |       |    10 |     2 ||    12
 Stab: Sleeping          |     1 |     1 |     1 ||     3
  Eat: Chunk             |     2 |     4 |     4 ||    10
Armor: Robe              |    48 |    85 |    66 ||   199
Dodge: Dodged            |    76 |   196 |   145 ||   417
